 Dungeon Crawl Stone Soup version 0.30-b1-2-g02819fbbbe (webtiles) character file.

Game seed: 2030132853967231640

4 sanka the Digger (level 1, -1/14 HPs)
             Began as an Armataur Earth Elementalist on May 17, 2023.
             Slain by a gnoll
             ... wielding a +0 flail
              (9 damage)
             ... on level 1 of the Dungeon.
             The game lasted 00:00:48 (174 turns).

sanka the Digger (Armataur Earth Elementalist)       Turns: 174, Time: 00:00:49

Health: -1/14      AC:  4    Str: 13    XL:     1   Next: 50%
Magic:  0/3        EV:  9    Int: 15    God:
Gold:   0          SH:  0    Dex: 10    Spells: 3/4 levels left

rFire   . . .        (no weapon)
rCold   . . .        (no shield)
rNeg    . . .        a - +0 robe
rPois   .            (no helmet)
rElec   .            (no cloak)
rCorr   .            (no gloves)
SInv    .            (no barding)
Will    .....        (no amulet)
Stlth   ++           (no ring)
HPRegen 0.22/turn    (no ring)
MPRegen 0.08/turn

%: roll
@: no status effects
A: large, rugged brown scales 3, deformed body, armoured tail, roll, long
tongue, awkward tongue
a: no special abilities


You were on level 1 of the Dungeon.
You visited 1 branch of the dungeon, and saw 1 of its levels.

Inventory:

Armour
 a - a +0 robe (worn)
Potions
 b - a potion of magic
 c - a potion of haste {unknown}


   Skills:
 - Level 1.3 Dodging
 - Level 2.1 Stealth
 - Level 2.0 Spellcasting
 - Level 1.0 Transmutations
 + Level 2.7 Earth Magic


You had 3 spell levels left.
You knew the following spells:

 Your Spells              Type           Power      Damage    Failure   Level
a - Sandblast             Erth           18%        2d7       7%          1

Your spell library contained the following spells:

 Spells                   Type           Power      Damage    Failure   Level
 Passwall                 Tmut/Erth      5%         N/A       16%         2
 Stone Arrow              Conj/Erth      10%        3d7       36%         3
 Petrify                  Tmut/Erth      7%         N/A       71%         4


Dungeon Overview and Level Annotations

Branches:
Dungeon (1/15)

Altars:


Innate Abilities, Weirdness & Mutations

You are completely covered in rugged brown scales. (AC +3, +7% HP)
Armour fits poorly on your strangely shaped body.
You have a long armoured tail.
You roll when moving toward enemies. (Rampage)
Your long tongue fully drains potion bottles. (2x potion effects)
Your tongue gives you trouble enunciating. (1.5x scroll delay)


Message History

You start resting.
Magic restored.
You start resting.
HP restored.
Unknown command.
You see here a +0 robe.
A bat comes into view.
Found 9 gold pieces.
The blast of sand hits the bat!
You kill the bat!
You start resting.
Magic restored.
A gnoll comes into view. It is wielding a +0 flail.
A gnoll is nearby!
The blast of sand hits the gnoll.
The gnoll is moderately wounded.
The gnoll shouts!
You hear an angry hiss.
The blast of sand hits the gnoll.
The gnoll is heavily wounded.
A ball python comes into view.
The blast of sand misses the gnoll.
The gnoll barely misses you.
Unknown command.
You hit the gnoll but do no damage.
The gnoll is heavily wounded.
The gnoll barely misses you.
You hit the gnoll but do no damage.
The gnoll is heavily wounded.
The gnoll hits you with a +0 flail.
The ball python bites you but does no damage.
The gnoll hits you with a +0 flail.
You hit the gnoll.
The gnoll is severely wounded.
The ball python bites you. The gnoll closely misses you.
The ball python barely misses you.
Unknown command.
You barely miss the gnoll.
The gnoll is severely wounded.
The gnoll hits you with a +0 flail!
Ouch! That really hurt!
You die...

##.# ####..############
..†......[.##....# #
##########.##....####.#
'......................
#..........##..........
#..........##....####.
# h........##....+ # #
h........##...@###..# #
.............Sg....# .
..#####..####.....## #'
#.. #...### #. ##### #


You could see a gnoll and a ball python.

Vanquished Creatures
  2 jackals (D:1)
  A bat (D:1)
  A frilled lizard (D:1)
4 creatures vanquished.

Notes
Turn   | Place    | Note
-------+----------+-------------------------------------------
     0 | D:1      | sanka the Armataur Earth Elementalist began the quest for
                  | the Orb.
     0 | D:1      | Reached XP level 1. HP: 14/14 MP: 3/3
    78 | D:1      | Reached skill level 1 in Transmutations
   174 | D:1      | Slain by a gnoll

Illustrated notes

Levels and vault maps discovered:
D:1:      sevenhm_arrival_forest_fort_large_2, layout_basic, item_on_display_a

Skill      XL: |  1 |
---------------+----+-----
Transmutations | 1 |  1.0
Spellcasting   | 2 |  2.0
Dodging        | |  1.3
Stealth        | |  2.1
Earth Magic    | |  2.7

Action                     || total
---------------------------++-------
  Melee: Unarmed           ||    12
   Cast: Sandblast         ||     7
 Armour: Robe              ||     6
  Dodge: Dodged            ||     6
